3021 views
Uploaded 2020-04-25 12:57:22
Game version 1.32.3
9:47 long 2on2 ladder game on (4)CentaurGrove
Saved by zebroni
3021 views
Uploaded 2020-04-25 12:57:22
Game version 1.32.3
9:47 long 2on2 ladder game on (4)CentaurGrove
53 units @ 6.3k
/ 0.5k
17 buildings @ 2.9k
/ 0.8k


| Healing Salve | 1 | 100 |
| Lesser Clarity Potion | 1 | 70 |
| Circlet of Nobility | 1 | 175 |
| total: | 3 | 345g |
| Peon | 7 | 525 | / | 0 |
| Troll Headhunter | 12 | 1680 | / | 240 |
| total: | 19 | 2205g | / | 240w |
| War Mill | 1 | 205 | / | 0 |
| Altar of Storms | 2 | 360 | / | 100 |
| Orc Burrow | 4 | 640 | / | 160 |
| Barracks | 1 | 180 | / | 50 |
| Voodoo Lounge | 1 | 130 | / | 30 |
| Stronghold | 1 | 315 | / | 190 |
| Fortress | 1 | 325 | / | 190 |
| total: | 9 | 1515g | / | 340w |
| 0:03 | Peon |
| 0:03 | Peon |
| 0:09 | War Mill |
| 0:25 | Peon |
| 0:37 | Altar of Storms |
| 0:41 | Altar of Storms |
| 0:48 | Peon |
| 0:50 | Orc Burrow |
| 1:00 | Peon |
| 1:07 | Barracks |
| 1:16 | Peon |
| 1:33 | Peon |
| 1:52 | Orc Burrow |
| 2:02 | Voodoo Lounge |
| 2:11 | Troll Headhunter |
| 2:25 | Troll Headhunter |
| 2:43 | War Stomp |
| 2:51 | Troll Headhunter |
| 3:12 | Stronghold |
| 3:29 | Orc Burrow |
| 3:39 | Troll Headhunter |
| 3:48 | Troll Headhunter |
| 4:03 | Endurance Aura |
| 4:26 | Troll Headhunter |
| 4:36 | Circlet of Nobility |
| 4:48 | Troll Headhunter |
| 5:09 | Orc Burrow |
| 5:13 | Healing Salve |
| 5:13 | Lesser Clarity Potion |
| 5:27 | Troll Headhunter |
| 5:57 | War Stomp |
| 5:59 | War Stomp |
| 5:59 | War Stomp |
| 6:00 | War Stomp |
| 6:00 | War Stomp |
| 6:00 | War Stomp |
| 6:22 | Troll Headhunter |
| 6:23 | Fortress |
| 7:11 | Troll Headhunter |
| 7:11 | Troll Headhunter |
| 8:25 | Troll Headhunter |
| 8:44 | Hex |

| Wisp | 19 | 1140 | / | 0 |
| Huntress | 15 | 2925 | / | 300 |
| total: | 34 | 4065g | / | 300w |
| Altar of Elders | 1 | 180 | / | 50 |
| Moon Well | 4 | 720 | / | 160 |
| Ancient of War | 2 | 300 | / | 120 |
| Hunter's Hall | 1 | 210 | / | 100 |
| total: | 8 | 1410g | / | 430w |
| 0:09 | Wisp |
| 0:09 | Wisp |
| 0:12 | Altar of Elders |
| 0:25 | Moon Well |
| 0:26 | Wisp |
| 0:31 | Wisp |
| 0:31 | Wisp |
| 0:42 | Wisp |
| 0:42 | Wisp |
| 0:49 | Wisp |
| 1:05 | Wisp |
| 1:37 | Wisp |
| 1:38 | Wisp |
| 1:47 | Wisp |
| 2:03 | Ancient of War |
| 2:08 | Hunter's Hall |
| 2:19 | Moon Well |
| 2:21 | Entangling Roots |
| 2:25 | Wisp |
| 3:00 | Ancient of War |
| 3:12 | Moon Well |
| 3:28 | Huntress |
| 3:35 | Wisp |
| 3:39 | Ultravision |
| 3:54 | Moon Well |
| 4:11 | Huntress |
| 4:36 | Huntress |
| 4:49 | Huntress |
| 5:08 | Huntress |
| 5:08 | Huntress |
| 5:26 | Huntress |
| 5:26 | Huntress |
| 6:07 | Huntress |
| 6:30 | Force of Nature |
| 6:38 | Huntress |
| 6:38 | Huntress |
| 6:50 | Huntress |
| 7:06 | Huntress |
| 7:48 | Huntress |
| 7:48 | Huntress |
| 8:31 | Wisp |
| 8:31 | Wisp |
| 8:50 | Wisp |
| 8:50 | Wisp |
| 8:50 | Wisp |
39 units @ 5.4k
/ 0.4k
22 buildings @ 2.9k
/ 1.1k


| Rod of Necromancy | 1 | 150 |
| total: | 1 | 150g |
| Acolyte | 3 | 225 | / | 0 |
| Ghoul | 2 | 240 | / | 0 |
| Crypt Fiend | 9 | 1935 | / | 360 |
| total: | 14 | 2400g | / | 360w |
| Graveyard | 1 | 215 | / | 0 |
| Altar of Darkness | 1 | 180 | / | 50 |
| Ziggurat | 5 | 750 | / | 250 |
| Crypt | 1 | 200 | / | 50 |
| Tomb of Relics | 1 | 130 | / | 30 |
| Slaughterhouse | 1 | 140 | / | 135 |
| Halls of the Dead | 1 | 320 | / | 210 |
| Black Citadel | 1 | 325 | / | 230 |
| total: | 10 | 1615g | / | 515w |
| 0:02 | Acolyte |
| 0:07 | Graveyard |
| 0:11 | Altar of Darkness |
| 0:24 | Ziggurat |
| 0:33 | Acolyte |
| 0:33 | Acolyte |
| 0:58 | Crypt |
| 1:12 | Tomb of Relics |
| 1:27 | Ziggurat |
| 1:59 | Ghoul |
| 2:00 | Crypt Fiend |
| 2:14 | Carrion Beetles |
| 2:17 | Rod of Necromancy |
| 2:27 | Ghoul |
| 2:55 | Crypt Fiend |
| 3:36 | Halls of the Dead |
| 3:56 | Crypt Fiend |
| 4:01 | Ziggurat |
| 4:18 | Crypt Fiend |
| 4:20 | Spiked Carapace |
| 4:39 | Creature Attack |
| 4:56 | Crypt Fiend |
| 5:26 | Ziggurat |
| 5:36 | Crypt Fiend |
| 6:35 | Carrion Beetles |
| 6:56 | Crypt Fiend |
| 7:45 | Crypt Fiend |
| 7:48 | Frost Nova |
| 8:27 | Slaughterhouse |
| 8:28 | Black Citadel |
| 8:30 | Improved Creature Attack |
| 8:35 | Crypt Fiend |
| 8:40 | Dark Ritual |
| 9:09 | Spiked Carapace |
| 9:40 | Ziggurat |


| Potion of Healing | 1 | 150 |
| Lesser Clarity Potion | 1 | 70 |
| Scroll of Regeneration | 1 | 100 |
| Dust of Appearance | 1 | 75 |
| total: | 4 | 395g |
| Peasant | 9 | 675 | / | 0 |
| Footman | 14 | 1890 | / | 0 |
| Spell Breaker | 2 | 430 | / | 60 |
| total: | 25 | 2995g | / | 60w |
| Scout Tower | 1 | 30 | / | 20 |
| Arcane Tower | 1 | 70 | / | 50 |
| Altar of Kings | 1 | 180 | / | 50 |
| Farm | 5 | 400 | / | 100 |
| Barracks | 1 | 160 | / | 60 |
| Arcane Vault | 1 | 130 | / | 30 |
| Lumber Mill | 1 | 120 | / | 0 |
| Arcane Sanctum | 2 | 300 | / | 280 |
| Keep | 1 | 320 | / | 210 |
| Castle | 1 | 360 | / | 210 |
| total: | 12 | 1320g | / | 540w |
| 0:04 | Peasant |
| 0:04 | Peasant |
| 0:06 | Altar of Kings |
| 0:09 | Farm |
| 0:22 | Barracks |
| 0:28 | Peasant |
| 0:28 | Peasant |
| 0:38 | Peasant |
| 0:38 | Peasant |
| 0:38 | Peasant |
| 0:51 | Peasant |
| 1:05 | Farm |
| 1:13 | Peasant |
| 1:23 | Footman |
| 1:26 | Scout Tower |
| 1:38 | Footman |
| 1:55 | Arcane Tower |
| 2:00 | Footman |
| 2:07 | Storm Bolt |
| 2:09 | Farm |
| 2:19 | Footman |
| 2:33 | Arcane Vault |
| 2:47 | Footman |
| 3:06 | Footman |
| 3:25 | Footman |
| 3:30 | Farm |
| 3:47 | Defend |
| 4:12 | Keep |
| 4:25 | Footman |
| 4:40 | Footman |
| 4:43 | Farm |
| 5:10 | Bash |
| 5:11 | Dust of Appearance |
| 5:15 | Footman |
| 6:06 | Footman |
| 6:06 | Footman |
| 6:46 | Footman |
| 6:52 | Arcane Sanctum |
| 6:56 | Storm Bolt |
| 7:06 | Footman |
| 7:37 | Holy Light |
| 7:46 | Potion of Healing |
| 7:47 | Lesser Clarity Potion |
| 7:47 | Scroll of Regeneration |
| 7:58 | Arcane Sanctum |
| 8:25 | Castle |
| 8:55 | Spell Breaker |
| 9:25 | Spell Breaker |
| 9:43 | Lumber Mill |
โ